 Dungeon Crawl Stone Soup version 0.30-a0-476-g330ca2eb8e (webtiles) character file.

Game seed: 10368520040672505145

1682 Raultor the Changer (level 9, 0/55 HPs)
             Began as an Octopode Transmuter on Dec 21, 2022.
             Slain by a yak (2 damage)
             ... on level 6 of the Dungeon.
             The game lasted 00:14:36 (4909 turns).

Raultor the Changer (Octopode Transmuter)           Turns: 4909, Time: 00:14:37

Health: 0/55       AC:  5    Str: 21    XL:     9   Next: 2%
Magic:  0/13       EV: 13    Int: 19    God:
Gold:   278        SH:  0    Dex: 12    Spells: 7/14 levels left

rFire   . . .      SeeInvis .    x - +8 hand axe "Caibalyxt" {flame, Str+5}
rCold   + . .      Faith    .    (no shield)
rNeg    . . .      Spirit   +    (helmet restricted)
rPois   .          Reflect  .    q - amulet of guardian spirit
rElec   .          Harm     .    S - +6 ring of strength
rCorr   .          Rampage  .    T - +4 ring of protection
Will    .....                    c - ring of protection from cold
Stlth   ++........               (no ring)
HPRegen 0.29/turn                (no ring)
MPRegen 0.13/turn                (no ring)
                                 (no ring)
                                 (no ring)

@: wereblooded
A: almost no armour, amphibious, 8 rings, camouflage 1, gelatinous body 1,
(nimble swimmer 1), tentacles
a: no special abilities


You were on level 6 of the Dungeon.
You visited 1 branch of the dungeon, and saw 7 of its levels.
You also visited: Sewer.

You collected 278 gold pieces.


Innate Abilities, Weirdness & Mutations

You cannot wear most types of armour.
You are amphibious.
You can wear up to eight rings at the same time.
Your skin changes colour to match your surroundings (Stealth+).
Your rubbery body absorbs attacks. (AC +1, EV +1)
((You are camouflaged when in or above water. (Stealth+)))
You have tentacles for arms and can constrict up to eight enemies at once.


   Skills:
 + Level 2.7 Fighting
 - Level 2.0 Dodging
 * Level 5.0 Unarmed Combat
 + Level 3.1 Spellcasting
 * Level 7.5 Transmutations
 - Level 6.1 Ice Magic


You had 7 spell levels left.
You knew the following spells:

 Your Spells              Type           Power      Damage    Failure   Level
b - Beastly Appendage     Tmut           62%        N/A       1%          1
c - Ice Form              Ice/Tmut       28%        N/A       9%          4
w - Wereblood             Tmut           31%        N/A       1%          2

Your spell library contained the following spells:

 Spells                   Type           Power      Damage    Failure   Level
 Spider Form              Tmut/Pois      17%        N/A       10%         3

Inventory:

Hand Weapons
 t - the +7 mace of Otavot {holy, +Blink Str+3}
   (You took it off an orc on level 5 of the Dungeon)

   It has been blessed by the Shining One to cause great damage to the undead
   and demons.
   Str:       It affects your strength (+3).
   +Blink:    It lets you blink.
 x - the +8 hand axe "Caibalyxt" (weapon) {flame, Str+5}
   (You found it on level 4 of the Dungeon)

   It burns those it strikes, dealing additional fire damage.
   Big, fiery blades are also staple armaments of hydra-hunters.
   Str:       It affects your strength (+5).
Jewellery
 c - a ring of protection from cold (on tentacle)
 q - an amulet of guardian spirit (around mantle)
 C - a ring of ice
 S - a +6 ring of strength (left tentacle)
 T - a +4 ring of protection (right tentacle)
Wands
 s - a wand of quicksilver (6)
 w - a wand of polymorph (5)
 A - a wand of flame (13)
Scrolls
 b - 4 scrolls of identify {@r1}
 d - 4 scrolls of teleportation {@r2}
 f - 3 scrolls of magic mapping {unknown}
 h - a scroll of noise {unknown}
 l - 2 scrolls of vulnerability {unknown}
 m - a scroll of summoning {unknown}
 p - a scroll of torment {unknown}
 r - 2 scrolls of brand weapon {unknown}
 u - a scroll of enchant armour {unknown}
 z - a scroll of immolation {unknown}
 B - a scroll of poison {unknown}
Potions
 a - 5 potions of lignification
 e - 5 potions of resistance {unknown}
 g - a potion of cancellation {unknown}
 i - 4 potions of mutation {unknown}
 j - 3 potions of magic {unknown}
 k - 4 potions of heal wounds {unknown}
 n - 2 potions of might {unknown}
 o - 2 potions of brilliance {unknown}
 v - a potion of haste {unknown}
 y - 4 potions of curing {unknown}

Dungeon Overview and Level Annotations

Branches:
Dungeon (7/15)              Sewer (visited)
 Temple: D:4-7

Altars:
Ru

Shops:
D:3

[ ... ..# #..#
...# ##...#
#....# ##YY..#
#YY# #.@##
##..## #...#
#. #..##..# #.
##.. #..######
#.
#....##......#
#.
#....##...####
#. ......#.###
#.# ......#.#


You could see 4 yaks.


Message History

Your blood is infused with primal strength.
The yak bellows! x3
You barely miss the yak. You squeeze the yak.
The yak is lightly wounded.
The yak gores you!
You hit the yak. You burn the yak.
The yak is lightly wounded.
You hit the yak but do no damage. The yak gores you but does no damage.
The yak closely misses you. The yak gores you!
You hit the yak. You burn the yak.
The yak is moderately wounded.
You hit the yak. You burn the yak. The yak misses you. The yak gores you!
You hit the yak. You burn the yak.
The yak is moderately wounded.
You hit the yak. You burn the yak. You hit the yak but do no damage.
The yak completely misses you. The yak gores you but does no damage.
The yak barely misses you.
You hit the yak. You burn the yak.
The yak is heavily wounded.
You hit the yak. You burn the yak. You hit the yak. You burn the yak.
The yak gores you! The yak misses you. The yak gores you!
* * * LOW HITPOINT WARNING * * *
The yak gores you.
* * * LOW HITPOINT WARNING * * *
The yak gores you.
* * * LOW HITPOINT WARNING * * *
The yak gores you.
* * * LOW HITPOINT WARNING * * *
The yak gores you.
You die...

Skill      XL: |  1  2  3  4  5  6  7  8  9 |
---------------+----------------------------+-----
Ice Magic      | 1 2 3 4 6 |  6.1
Transmutations | 3 4 5 6 7 |  7.5
Unarmed Combat | 4 5 |  5.0
Fighting       | 2 |  2.7
Spellcasting   | 3 |  3.1
Dodging        | |  2.0

Action                   |  1- 3 |  4- 6 |  7- 9 || total
-------------------------+-------+-------+-------++-------
Melee: Unarmed           |    61 |    66 |   124 ||   251
       Constrict         |    14 |    14 |    20 ||    48
       Tentacles         |    15 |    12 |    21 ||    48
       Kick              |    10 |    15 |     6 ||    31
       Punch             |     2 |     5 |     2 ||     9
       Mace              |       |       |    27 ||    27
       Hand axe          |       |       |    31 ||    31
 Cast: Beastly Appendage |    12 |    10 |     5 ||    27
       Wereblood         |     1 |     2 |     7 ||    10
       Ice Form          |       |     2 |     7 ||     9
  Use: Scroll            |       |     2 |       ||     2
 Stab: Sleeping          |     4 |     2 |     4 ||    10
Armor: Skin              |    10 |    16 |    96 ||   122
Dodge: Dodged            |    28 |    46 |    99 ||   173

Levels and vault maps discovered:
D:1:      tarquinn_simple_flora_water_e, layout_loops_ring, glass_columns_b,
          chequers_serial_rivers_micro_d
D:2:      layout_basic, basic_altar, shapermc_ecumenical_altar_acropolis,
          kennysheep_generic_room_6, uniq_crazy_yiuf_cottage
D:3:      layout_rooms, serial_shops, shop_fountains
D:4:      layout_basic, minmay_misc_feat_plants,
          nicolae_concentric_dashed_squares_wild, minmay_bent, uniq_eustachio,
          uniq_robin
D:5:      layout_cave_pools, gup_sewer_entry_bubbles
D:6:      layout_layer_cave, minmay_temple_entry_enclosed_plants,
          minmay_misc_feat_x, amcnicky_mini_corridor_feature,
          minmay_ruined_shrine
D:7:      layout_basic, minmay_lizard_king

Notes
Turn   | Place    | Note
-------+----------+-------------------------------------------
     0 | D:1      | Raultor the Octopode Transmuter began the quest for the
                  | Orb.
     0 | D:1      | Reached XP level 1. HP: 13/13 MP: 3/3
   384 | D:1      | Reached skill level 1 in Ice Magic
   384 | D:1      | Reached XP level 2. HP: 18/18 MP: 5/5
   985 | D:2      | Learned a level 2 spell: Wereblood
   995 | D:2      | Reached XP level 3. HP: 18/23 MP: 3/6
  1063 | D:2      | Found a faded altar of an unknown god.
  1120 | D:2      | Reached skill level 2 in Ice Magic
  1123 | D:2      | Reached skill level 3 in Transmutations
  1199 | D:2      | Reached XP level 4. HP: 25/28 MP: 7/7
  1344 | D:2      | Found a sacrificial altar of Ru.
  2018 | D:3      | Found Qonunax's Antique Armour Boutique.
  2276 | D:4      | Noticed a scorpion
  2283 | D:4      | Killed a scorpion
  2284 | D:4      | Reached skill level 4 in Transmutations
  2284 | D:4      | Reached skill level 3 in Ice Magic
  2284 | D:4      | Reached XP level 5. HP: 21/33 MP: 5/8
  2372 | D:4      | Learned a level 4 spell: Ice Form
  2374 | D:4      | Noticed Eustachio
  2395 | D:4      | You fall into a shaft and drop 3 floors!
  2418 | D:5      | Entered Level 5 of the Dungeon
  2428 | D:5      | Noticed an ogre
  2443 | D:5      | Killed an ogre
  2444 | D:5      | Reached skill level 4 in Ice Magic
  2444 | D:5      | Reached XP level 6. HP: 38/38 MP: 1/9
  2538 | D:5      | Reached skill level 5 in Transmutations
  2723 | D:5      | Reached XP level 7. HP: 43/43 MP: 8/10
  2733 | D:5      | Reached skill level 5 in Ice Magic
  2862 | D:5      | Identified the +7 mace of Otavot {holy, +Blink Str+3}
  2871 | D:5      | Reached skill level 6 in Transmutations
  2987 | D:5      | Found a glowing drain.
  2998 | Sewer    | Entered a sewer
  3031 | Sewer    | Reached skill level 6 in Ice Magic
  3031 | Sewer    | Reached XP level 8. HP: 48/48 MP: 5/11
  3441 | D:4      | Noticed Robin
  3454 | D:4      | Killed Robin
  3555 | D:4      | Reached skill level 4 in Unarmed Combat
  3591 | D:4      | Reached skill level 2 in Fighting
  3825 | D:4      | Identified the +8 hand axe "Caibalyxt" {flame, Str+5}
  4217 | D:4      | Killed Eustachio
  4218 | D:4      | Reached skill level 7 in Transmutations
  4289 | D:5      | Reached skill level 3 in Spellcasting
  4818 | D:6      | Reached XP level 9. HP: 49/55 MP: 10/13
  4822 | D:6      | Reached skill level 5 in Unarmed Combat
  4908 | D:6      | HP: 2/55 [yak (5)]
  4909 | D:6      | Slain by a yak

Vanquished Creatures
  Eustachio (D:4)
  3 ogres (D:5)
  A phantom (D:4)
  3 kobold brigands (Sewer)
  2 scorpions (D:4)
  2 necrophages (D:5)
  3 wights (D:5)
  4 hounds
  2 orc priests (D:6)
  A jelly (D:6)
  4 iguanas
  An orc wizard (D:5)
  Robin (D:4)
  3 gnolls (D:5)
  10 adders
  A shadow imp (D:6)
  7 worms
  A dart slug (D:2)
  9 orcs
  8 ball pythons
  7 bats
  8 endoplasms
  6 giant cockroaches
  5 goblins (D:4)
  5 hobgoblins
  2 jackals (D:5)
  8 quokkas
  5 frilled lizards
  25 kobolds
  3 rats
141 creatures vanquished.

Table legend: (Time is in decaauts)
 A = Elapsed time spent in this place.
 B = Non-inter-level travel time spent in this place.
 C = Inter-level travel time spent in this place.
 D = Time resting spent in this place.
 E = Time spent auto-exploring this place.
 F = Levels seen in this place.
 G = Mean time per level.
                   A        B        C        D        E       F      G
               +--------+--------+--------+--------+--------+-----+--------+
         Total |   4910 |   4707 |    203 |      0 |   3682 |   8 |  613.8 |
       Dungeon |   4532 |   4329 |    203 |      0 |   3426 |   7 |  647.4 |
         Sewer |    378 |    378 |      0 |      0 |    256 |   1 |  378.0 |
               +--------+--------+--------+--------+--------+-----+--------+

Top non-repeatable levels by time:
     D:2: 1094 daAuts
     D:4: 984 daAuts
     D:5: 964 daAuts
     D:1: 802 daAuts
   Sewer: 378 daAuts
     D:3: 363 daAuts
     D:6: 316 daAuts
     D:7: 5 daAuts

Table legend:
 A = Non-vault XP
 B = Vault XP
 C = Vault XP percentage of total XP
 D = Non-vault monster count
 E = Vault monster count
 F = Vault count percentage of total count
                 A         B        C        D         E       F
            +---------+---------+-------+---------+---------+-------
      Total |    1755 |     649 |  27.0 |      84 |      57 |  40.4
            +---------+---------+-------+---------+---------+-------
        D:1 |      16 |       0 |   0.0 |      10 |       0 |   0.0
        D:2 |      72 |      11 |  13.3 |      18 |       3 |  14.3
        D:3 |      34 |       0 |   0.0 |       7 |       0 |   0.0
        D:4 |     354 |     268 |  43.1 |      15 |      16 |  51.6
        D:5 |    1125 |      41 |   3.5 |      28 |       8 |  22.2
        D:6 |     154 |       0 |   0.0 |       6 |       0 |   0.0
      Sewer |       0 |     329 | 100.0 |       0 |      30 | 100.0
            +---------+---------+-------+---------+---------+-------
